Map: Cyber Forest LE

Players

Riordan - Winner!

  • Race: Protoss Protoss
  • League: Diamond
  • Spawn Location: 5:00

Woah

  • Race: Terran Terran
  • League: Diamond
  • Spawn Location: 11:00

VOD

Have the link to the VOD?

Description

Time

  • Played on: June 14, 2019, 7:45 p.m.
  • Length: 17:07
Show
View Real Time Build Order
Export as new Build Order

Riordan Protoss - Winner!

Build Orders: 1 Gate Expand 

Get SALT Encoding   

  12  0:00  Probe  
  13  0:13  Probe  
  14  0:19  Pylon  
  14  0:25  Probe  
  15  0:37  Gateway  
  15  0:39  Probe  
  16  0:51  Probe  
  16  0:54  Assimilator  
  16  0:56  Assimilator  
  17  1:03  Probe  
  18  1:21  Nexus  
  18  1:32  Cybernetics Core  
  18  1:34  Probe  
  19  1:44  Pylon  
  19  1:50  Assimilator  
  19  1:55  Probe  
  19  1:58  Stalker  
  20  2:07  Probe  
  23  2:11  Warp Gate  
  23  2:18  Gateway  
  23  2:24  Probe  
  25  2:37  Probe  
  25  2:42  Robotics Facility  
  25  2:43  Probe  
  26  2:49  Probe  
  27  2:52  Stalker  
  29  2:58  Probe  
  29  3:01  Probe  
  31  3:11  Gateway  
  31  3:13  Probe x2  
  33  3:25  Probe  
  34  3:27  Probe  
  34  3:30  Sentry  
  37  3:37  Twilight Council  
  37  3:40  Observer  
  38  3:43  Probe x2  
  38  3:47  Assimilator  
  40  3:50  Pylon  
  40  3:54  Pylon  
  40  3:56  Gateway  
  40  4:15  Blink  
  40  4:16  Probe  
  40  4:17  Probe  
  42  4:20  Immortal  
  42  4:23  Observer  
  46  4:30  Probe x2  
  48  4:32  Pylon  
  48  4:33  Phoenix  
  48  4:38  Gateway  
  48  4:50  Probe x2  
  50  4:53  Stalker  
  50  4:54  Stalker, Zealot  
  56  5:01  Pylon  
  56  5:05  Stalker  
  58  5:08  Probe x2  
  60  5:20  Probe  
  61  5:23  Nexus  
  61  5:31  Pylon  
  61  5:36  Forge  
  61  5:37  Stalker  
  61  5:38  Stalker  
  65  5:43  Zealot  
  65  5:49  Assimilator, Shield Battery  
  67  5:55  Robotics Bay  
  67  5:59  Zealot  
  69  6:04  Charge  
  69  6:05  Observer  
  70  6:13  Stalker  
  70  6:14  Zealot  
  74  6:21  Probe  
  74  6:22  Probe, Forge  
  76  6:25  Zealot  
  78  6:32  Robotics Facility  
  78  6:40  Stalker  
  78  6:41  Stalker  
  78  6:43  Protoss Ground Weapons Level 1  
  80  7:05  Stalker x4, Pylon  
  88  7:10  Probe x2  
  88  7:11  Probe  
  91  7:29  Zealot  
  93  7:30  Pylon  
  82  7:48  Probe x2  
  82  7:49  Probe  
  85  7:54  Protoss Ground Armor Level 1  
  85  8:00  Probe x2  
  85  8:04  Phoenix, Photon Cannon  
  85  8:05  Probe  
  88  8:07  Photon Cannon  
  88  8:08  Extended Thermal Lance, Stalker  
  88  8:09  Zealot  
  88  8:10  Zealot x3  
  99  8:12  Probe  
  99  8:13  Probe  
  99  8:17  Probe  
  101  8:24  Probe  
  101  8:26  Colossus  
  108  8:41  Protoss Ground Weapons Level 2  
  108  8:44  Pylon  
  108  8:48  Pylon  
  108  8:51  Pylon  
  108  9:01  Colossus  
  114  9:08  Pylon  
  114  9:11  Probe x3  
  114  9:12  Photon Cannon  
  114  9:14  Zealot  
  114  9:15  Zealot x3  
  125  9:24  Colossus  
  131  9:43  Nexus  
  131  9:45  Pylon  
  131  9:47  Pylon  
  131  9:49  Pylon  
  131  9:54  Probe x2  
  131  9:55  Probe  
  134  10:08  Photon Cannon  
  134  10:10  Stalker  
  134  10:11  Colossus  
  142  10:27  Phoenix  
  140  10:31  Colossus  
  140  10:34  Zealot  
  140  10:35  Sentry x2  
  152  10:36  Protoss Ground Armor Level 2  
  152  10:40  Templar Archives  
  152  10:43  Twilight Council  
  152  10:46  Photon Cannon  
  152  10:57  Probe x2  
  152  10:58  Probe  
  152  11:00  Probe  
  156  11:04  Colossus, Assimilator  
  156  11:05  Assimilator  
  156  11:09  Photon Cannon  
  162  11:24  Stalker, Warp Prism  
  166  11:26  Stalker  
  166  11:27  Stalker x2  
  172  11:33  Pylon  
  172  11:35  Pylon  
  172  11:53  Protoss Ground Weapons Level 3  
  172  11:59  Probe  
  173  12:02  Shield Battery  
  173  12:06  Pylon  
  173  12:07  Probe x3  
  176  12:10  Pylon  
  176  12:11  Probe  
  176  12:14  Colossus  
  176  12:15  Pylon  
  183  12:18  Colossus  
  157  12:35  Stalker  
  157  12:36  Stalker x4  
  165  12:51  Gateway  
  165  12:53  Gateway  
  165  12:59  Stalker x3  
  165  13:00  Stalker x2  
  174  13:11  Gateway  
  174  13:16  Gateway  
  116  13:29  Zealot  
  118  13:48  Stargate  
  118  13:51  Stalker  
  118  13:52  Stalker x2, Zealot  
  118  13:53  Zealot x3, Protoss Ground Armor Level 3  
  132  13:59  Gateway  
  132  14:02  Gateway  
  132  14:09  Zealot  
  134  14:12  Zealot  
  134  14:13  Zealot x3  
  134  14:15  Zealot x4  
  150  14:36  Stalker x9  
  142  14:57  Zealot  
  142  14:58  Zealot  
  142  14:59  Zealot x8  
  160  15:00  Zealot  
  162  15:18  Zealot  
  162  15:20  Zealot x4  
  162  15:21  Zealot x6  
  130  15:45  High Templar x2  
  130  15:46  High Templar x4  
  130  15:47  High Templar x2  
  130  15:48  High Templar x2  
  150  15:50  Archon x3  
  150  15:51  Archon  
  150  15:53  Archon  
  150  16:14  Stalker  
  150  16:18  Stalker  
  154  16:19  Stalker x7  
  168  16:41  Zealot  
  168  16:42  Zealot x10  
  164  17:04  Zealot  
  164  17:05  Zealot x10  
Show
View Real Time Build Order
Export as new Build Order

Woah Terran 

Build Orders: Reaper Expand 

Get SALT Encoding   

  12  0:01  SCV  
  13  0:14  SCV  
  14  0:18  Supply Depot  
  14  0:26  SCV  
  15  0:39  SCV  
  15  0:42  Barracks  
  16  0:44  Refinery  
  16  0:53  SCV  
  17  1:05  SCV  
  18  1:17  SCV  
  19  1:29  Reaper, Orbital Command  
  20  1:43  Command Center  
  20  1:49  Supply Depot  
  20  1:55  SCV  
  21  2:01  Barracks Reactor  
  21  2:07  Refinery  
  21  2:12  SCV  
  22  2:17  Bunker  
  22  2:24  Factory  
  22  2:27  SCV  
  23  2:38  Marine x2  
  23  2:39  SCV  
  26  2:56  SCV  
  28  3:06  Orbital Command  
  28  3:07  Marine x2  
  28  3:08  Starport  
  29  3:17  SCV, Factory Tech Lab  
  30  3:29  SCV  
  30  3:30  Supply Depot  
  30  3:32  SCV  
  34  3:41  Widow Mine  
  34  3:42  SCV  
  34  3:47  Marine  
  34  3:48  Marine  
  37  3:52  SCV  
  37  3:55  Supply Depot  
  38  3:58  SCV  
  39  4:12  SCV  
  39  4:14  Raven  
  39  4:15  Marine x2  
  43  4:18  SCV  
  44  4:24  SCV, Engineering Bay  
  44  4:25  Factory Tech Lab  
  44  4:30  SCV  
  46  4:37  SCV  
  47  4:40  Barracks  
  47  4:42  SCV  
  47  4:45  Refinery  
  48  4:48  Supply Depot  
  48  4:49  SCV  
  49  5:05  Barracks  
  49  5:09  Widow Mine  
  49  5:10  Medivac  
  49  5:11  Medivac  
  49  5:12  Stimpack  
  49  5:13  Marine  
  49  5:14  Command Center  
  56  5:16  SCV  
  57  5:27  Barracks Reactor  
  57  5:30  Factory Reactor  
  57  5:32  Barracks  
  57  5:33  Terran Infantry Weapons Level 1  
  57  5:34  SCV x2  
  59  5:37  Barracks  
  59  5:38  Refinery  
  59  5:39  Marauder  
  61  6:01  Marauder  
  61  6:03  Marauder  
  61  6:04  Marine x2  
  65  6:05  SCV, Medivac  
  65  6:08  Supply Depot x3  
  65  6:09  Combat Shield  
  70  6:11  Medivac  
  70  6:12  SCV  
  70  6:14  Widow Mine  
  70  6:18  Widow Mine  
  77  6:20  Barracks Reactor  
  77  6:23  Barracks Tech Lab  
  74  6:54  Marine x4  
  65  6:59  Marine x2  
  65  7:00  Marauder  
  71  7:02  Orbital Command  
  71  7:11  Marine  
  71  7:12  Marauder, Marine x2  
  76  7:17  Concussive Shells, Marine  
  76  7:22  Supply Depot x2  
  77  7:25  SCV x2  
  79  7:33  Liberator  
  79  7:35  Liberator  
  79  7:37  SCV x2  
  77  7:44  Marine x3  
  77  7:45  Marauder, Orbital Command, Marine x3  
  77  7:49  SCV  
  89  7:56  SCV  
  93  8:01  SCV  
  93  8:02  Marine x2  
  96  8:06  Terran Infantry Armor Level 1  
  96  8:08  Fusion Core, SCV  
  96  8:10  Armory  
  97  8:12  Engineering Bay  
  97  8:17  SCV  
  97  8:18  SCV  
  99  8:20  SCV  
  99  8:26  Marauder x3  
  106  8:30  SCV x2  
  106  8:33  SCV  
  109  8:41  Barracks x2  
  109  8:42  Starport  
  109  8:45  Fusion Core  
  109  8:47  Marine x3  
  109  8:48  Marauder x2  
  116  8:58  SCV x2  
  116  9:02  Sensor Tower  
  118  9:07  Refinery  
  118  9:08  Refinery  
  118  9:10  Ghost Academy  
  118  9:12  Command Center  
  118  9:16  Terran Infantry Weapons Level 2  
  118  9:18  Starport Tech Lab  
  118  9:25  Liberator x3  
  118  9:34  Marauder, Marine x2  
  122  9:39  Marine  
  122  9:40  Barracks Reactor  
  122  9:41  Advanced Ballistics  
  122  9:45  SCV  
  133  9:56  SCV  
  127  10:08  Liberator x2  
  127  10:12  Ghost, Barracks Tech Lab  
  125  10:23  Terran Infantry Armor Level 2  
  129  10:30  Planetary Fortress  
  129  10:31  Marine  
  129  10:32  Marine x8  
  138  10:35  Supply Depot  
  138  10:36  Supply Depot  
  138  10:37  Supply Depot  
  138  10:38  Supply Depot  
  138  10:41  Liberator, Marine  
  139  10:48  SCV  
  139  10:49  SCV x2, Marine x2  
  143  10:50  Supply Depot, Marine x4  
  143  10:52  Supply Depot  
  143  10:54  Supply Depot  
  143  10:56  Ghost x2  
  143  10:57  Marine  
  148  10:59  Marine  
  148  11:00  SCV  
  148  11:01  SCV x2  
  148  11:03  Refinery  
  160  11:04  Refinery  
  160  11:13  Liberator  
  160  11:16  Sensor Tower  
  160  11:24  Ghost x2, Marine  
  160  11:25  Marine x3  
  166  11:26  Marauder, Marine x3  
  176  11:42  Marine  
  176  11:43  Marine x2  
  167  12:29  Liberator x3  
  157  12:43  Ghost x2  
  157  12:44  Ghost, Marine x3  
  154  12:45  Marauder, Marine  
  173  13:06  Marauder  
  177  13:13  Marauder  
  177  13:14  Liberator x3  
  128  13:29  Marine x2  
  128  13:30  Marauder x3, Marine  
  118  13:44  Marauder, Marine x3  
  118  13:47  Marine x2  
  118  13:48  Marine  
  126  13:51  Marauder x2  
  126  13:52  Marauder  
  132  13:56  Liberator  
  132  13:57  Liberator x2  
  132  14:02  Marine x3  
  135  14:05  Marine x3  
  135  14:06  Marauder  
  135  14:09  Supply Depot x2  
  140  14:10  Supply Depot  
  140  14:11  Command Center  
  140  14:12  Marauder  
  140  14:13  Marauder x2  
  155  14:19  Marine  
  155  14:20  Marine x2  
  155  14:23  Marine x3  
  161  14:25  Command Center  
  161  14:27  Marauder  
  163  14:34  Marauder x3  
  169  14:39  Liberator x2  
  169  14:40  Liberator  
  143  14:48  Marauder  
  142  14:55  Marauder, Marine  
  142  14:56  Marauder, Marine x5  
  163  15:02  Ghost  
  163  15:10  Marauder  
  163  15:13  Marine x2  
  163  15:14  Marine x4  
  154  15:17  Marauder x2  
  115  15:24  Liberator x2  
  91  15:30  Ghost  
  91  15:31  Marauder, Marine x3  
  91  15:32  Marine x3  
  92  15:38  Marauder x2  
  102  15:49  Marine x2  
  104  15:52  Marauder, Marine  
  104  15:53  Marine x3  
  104  15:54  SCV  
  104  15:55  SCV x2  
  113  15:59  Marauder, Ghost  
  113  16:00  Marauder, SCV  
  120  16:06  SCV  
  120  16:07  Marine x2  
  120  16:10  Marine x3  
  126  16:12  SCV  
  127  16:24  SCV  
  128  16:30  Marauder x2, Marine x5  
  128  16:31  Marauder x2, Marine  
  142  16:36  SCV  
  142  16:47  Marine  
  142  16:48  Marine  
Tags
 
Add a new tag
Caveats
  • Supply blocks, unpowered buildings, or Contaminate may cause inaccurate times.
  • Supply counts are checked every 10 seconds.